 Dungeon Crawl Stone Soup version 0.32-a0-360-gcd93b57ba1 (webtiles) character file.

Game seed: 2452293221505546903

114 Goblin1989 the Cudgeller (level 4, 0/33 HPs)
             Began as a Coglin Gladiator on Feb 18, 2024.
             Slain by a goblin
             ... wielding a +0 dagger
             ... led by Robin
              (3 damage)
             ... on level 2 of the Dungeon.
             The game lasted 00:03:40 (1472 turns).

Goblin1989 the Cudgeller (Coglin Gladiator)         Turns: 1472, Time: 00:03:41

Health: 0/33       AC:  4    Str: 16    XL:     4   Next: 98%
Magic:  4/4        EV: 12    Int:  8    God:
Gold:   52         SH:  0    Dex: 15    Spells: 3/3 levels left

rFire   . . .        a - +0 flail {Publia}
rCold   . . .        j - +0 flail {Cihuaton}
rNeg    . . .        b - +0 leather armour
rPois   .            c - +0 helmet
rElec   .            (no cloak)
rCorr   .            (no gloves)
SInv    .            (no boots)
Will    .....        (no amulet)
Stlth   +            (no ring)
HPRegen 0.25/turn    (no ring)
MPRegen 0.09/turn

%: no passive effects
@: revved
A: off-hand wielding, slow wielding, warmup strikes, warmup strides
a: no special abilities


You were on level 2 of the Dungeon.
You visited 1 branch of the dungeon, and saw 2 of its levels.

You collected 52 gold pieces.

Inventory:

Hand Weapons
 a - a +0 flail (weapon) {Publia}
 j - a +0 flail (worn) {Cihuaton}
Missiles
 d - 3 throwing nets (quivered) {!d , @Q1}
 e - a javelin
Armour
 b - a +0 leather armour (worn)
 c - a +0 helmet (worn)
Scrolls
 h - a scroll of noise {unknown}
 i - a scroll of enchant weapon {unknown}
 k - 3 scrolls of identify {unknown}
Potions
 g - 2 potions of heal wounds {unknown}


   Skills:
 - Level 2.0 Fighting
 + Level 5.0 Maces & Flails
 - Level 1.7 Throwing
 - Level 2.6 Dodging


You had 3 spell levels left.
You didn't know any spells.
Your spell library contained the following spells:

 Spells                   Type           Power      Damage    Failure   Level
 Tukima's Dance           Hex            0%         N/A       85%         3
 Dimensional Bullseye     Hex/Tloc       0%         N/A       99%         4
 Iskenderun's Mystic Bla  Conj/Tloc      0%         2d3       99%         4


Dungeon Overview and Level Annotations

Branches:
Dungeon (2/15) Zot: 10449

Altars:

Shops:
D:1 [

Annotations:
D:2 Robin


Innate Abilities, Weirdness & Mutations

You can wield a second weapon in your off-hand.
It takes a long time for you to wield or remove held weapons.
Your first few attacks do less damage.
Your first movements take longer.


Message History

The goblin shouts! x2; You hear a shout! x3
A goblin breaks down the huge gate.
You hear a shout! x3; You hear a bark! x2
Found a faded altar of an unknown god.
You see here an adder corpse.
The goblin hits you with a +0 club.
You take 4 damage, and have 29/33 hp.
You barely miss the goblin with your +0 flail.
You hit the goblin with your +0 flail.
You kill the goblin!
The goblin barely misses you. The goblin closely misses you.
You see here a +0 club.
The goblin hits you but does no damage.
You barely miss the goblin with your +0 flail.
You closely miss the goblin with your +0 flail.
The goblin hits you but does no damage.
You hit the goblin with your +0 flail.
You kill the goblin!
You see here a +0 club.
You see here an adder corpse.
A goblin comes into view.
It is wielding a +2 dagger of protection.
The goblin shouts!
You hear a shout!
A goblin comes into view. It is wielding a +0 dagger. x2
The goblin moves out of view.
Health restored: 33
There are monsters nearby!
There are monsters nearby!
A goblin comes into view. It is wielding a +0 club.
The goblin shouts!
You hear a shout! x2
Robin of the Strong Arm comes into view.
They are wielding a +0 short sword. 2 goblins come into view.
The goblin shouts! x3
A goblin comes into view. It is wielding a +0 dagger.
The goblin hits you with a +2 dagger of protection.
You hit the goblin with your +0 flail.
The goblin is severely wounded.
You barely miss the goblin with your +0 flail.
You hit the goblin but do no damage.
The goblin is severely wounded.
You hit the goblin with your +0 flail.
You kill the goblin!
The goblin hits you but does no damage. The goblin hits you with a +0 dagger.
Robin throws the goblin at you!
You barely miss the goblin with your +0 flail. x2
The goblin barely misses you. The goblin hits you with a +0 club.
The goblin closely misses you. Robin throws the goblin at you!
The goblin hits you with a +0 dagger.
You closely miss the goblin with your +0 flail.
You thump the goblin with your +0 flail!
You kill the goblin!
The goblin closely misses you. x3; The goblin hits you with a +0 club.
Your Maces & Flails skill increases to level 5!
You sock the goblin with your +0 flail!
You kill the goblin!
The goblin misses you. The goblin hits you with a +0 dagger.
The goblin hits you but does no damage.
You hit Robin with your +0 flail.
Robin is moderately wounded.
You hit Robin but do no damage. The goblin closely misses you.
A goblin comes into view. It is wielding a +0 dagger.
The goblin barely misses you. The goblin misses you.
Robin hits you but does no damage. The goblin hits you with a +0 club.
You take 9 damage, and have 24/33 hp.
MASSIVE DAMAGE!!
The goblin shouts!
You hit Robin but do no damage.
Robin is moderately wounded.
You hit Robin but do no damage.
Robin roars a battlecry!
The goblins go into a battle-frenzy!
The goblin misses you. The goblin barely misses you. x2
The goblin hits you with a +0 club.
You take 5 damage, and have 19/33 hp.
You are too injured to fight recklessly!
You are too injured to fight recklessly!
You are too injured to fight recklessly!
You hit the goblin with your +0 flail.
The goblin is severely wounded.
You closely miss the goblin with your +0 flail.
The goblin closely misses you. The goblin hits you with a +0 dagger.
The goblin hits you but does no damage. x2
You closely miss the goblin with your +0 flail.
The goblin is severely wounded.
You closely miss the goblin with your +0 flail.
Robin hits you with a +0 short sword. The goblin barely misses you.
The goblin hits you with a +0 dagger.
* * * LOW HITPOINT WARNING * * *
The goblin hits you with a +0 dagger.
* * * LOW HITPOINT WARNING * * *
The goblin barely misses you. Robin misses you. The goblin misses you.
The goblin closely misses you. x2; The goblin hits you with a +0 dagger.
* * * LOW HITPOINT WARNING * * *
You take 12 damage, and have 7/33 hp.
MASSIVE DAMAGE!!
You hit the goblin with your +0 flail.
You kill the goblin!
The goblin hits you with a +0 dagger.
* * * LOW HITPOINT WARNING * * *
The goblin completely misses you. The goblin hits you but does no damage.
You take 5 damage, and have 2/33 hp.
Robin throws the goblin at you! The goblin hits you with a +0 dagger.
You die...

█.)....█
██)████.█ █.†█
█.█ ██.██ █.█
█..█ █.█ ███.██
.█ █...█ .█
█.████g██████
.█
█..>g)g@g...█
█.∆∆∆∆∆g████..█
..∆∆∆∆∆.█
..∆∆⌂∆∆.█
..∆∆∆∆∆.█
█.∆∆∆∆∆██
███.... .....


You could see Robin and 4 goblins.

Vanquished Creatures
  A gnoll (D:1)
  3 adders (D:2)
  A dart slug (D:1)
  5 ball pythons
  2 bats
  3 endoplasms (D:1)
  A giant cockroach (D:1)
  10 goblins
  3 hobgoblins
  4 jackals (D:2)
  4 frilled lizards
  4 kobolds
  2 rats
43 creatures vanquished.

Notes
Turn   | Place    | Note
-------+----------+-------------------------------------------
     0 | D:1      | Goblin1989 the Coglin Gladiator began the quest for the
                  | Orb.
     0 | D:1      | Reached XP level 1. HP: 16/16 MP: 1/1
    27 | D:1      | Found Yburch's Armour Shop.
    42 | D:1      | Reached skill level 3 in Maces & Flails
    61 | D:1      | Reached XP level 2. HP: 22/22 MP: 2/2
   144 | D:1      | Reached XP level 3. HP: 20/27 MP: 3/3
   262 | D:1      | Reached skill level 4 in Maces & Flails
   891 | D:2      | Reached XP level 4. HP: 12/33 MP: 4/4
  1434 | D:2      | Found a faded altar of an unknown god.
  1459 | D:2      | Noticed Robin
  1466 | D:2      | Reached skill level 5 in Maces & Flails
  1472 | D:2      | Slain by a goblin

Illustrated notes

Levels and vault maps discovered:
D:1:      lightli_arrival_boilingwater, layout_loops_ring, serial_shops, shop,
          st_stairs_12, minmay_pentomino_u2
D:2:      layout_basic, hellmonk_ecumenical_altar_heavens_door, uniq_robin

Skill      XL: |  1  2  3  4 |
---------------+-------------+-----
Maces & Flails | 3 4 5 |  5.0
Fighting       | |  2.0
Throwing       | |  1.7
Dodging        | |  2.6

Action                     |  1- 3 |  4- 6 || total
---------------------------+-------+-------++-------
  Melee: Flail             |    76 |    63 ||   139
    Use: Potion            |     1 |       ||     1
   Stab: Sleeping          |       |     2 ||     2
 Armour: Leather armour    |    73 |    40 ||   113
  Dodge: Dodged            |    82 |    41 ||   123

Table legend: (Time is in decaauts)
 A = Elapsed time spent in this place.
 B = Non-inter-level travel time spent in this place.
 C = Inter-level travel time spent in this place.
 D = Time resting spent in this place.
 E = Time spent auto-exploring this place.
 F = Levels seen in this place.
 G = Mean time per level.
                   A        B        C        D        E       F      G
               +--------+--------+--------+--------+--------+-----+--------+
         Total |   1548 |   1431 |    117 |    159 |    964 |   2 |  774.0 |
       Dungeon |   1548 |   1431 |    117 |    159 |    964 |   2 |  774.0 |
               +--------+--------+--------+--------+--------+-----+--------+

Top non-repeatable levels by time:
     D:1: 911 daAuts
     D:2: 636 daAuts
